 Dungeon Crawl Stone Soup version 0.30-a0-377-g5cb311bc9f (webtiles) character file.

Game seed: 3267820686172040052

33 qeuew the Trooper (level 3, -20/29 HPs)
             Began as a Demonspawn Chaos Knight on Nov 28, 2022.
             Was a Plaything of Xom.
             Engulfed by a cloud of flame (29 damage)
             ... on level 2 of the Dungeon.
             The game lasted 00:01:33 (1113 turns).

qeuew the Trooper (Demonspawn Chaos Knight)         Turns: 1113, Time: 00:01:34

Health: -20/29     AC:  5    Str: 14    XL:     3   Next: 12%
Magic:  3/3        EV: 11    Int: 13    God:    Xom [..*...]
Gold:   86         SH:  0    Dex: 12    Spells: 2/2 levels left

rFire   . . .      SeeInvis .    a - +0 hand axe (chaos)
rCold   . . .      Faith    .    (no shield)
rNeg    . . .      Spirit   .    b - +2 leather armour
rPois   .          Reflect  .    (no helmet)
rElec   .          Harm     .    (no cloak)
rCorr   .          Rampage  .    (no gloves)
Will    .....                    (no boots)
Stlth   +.........               (no amulet)
HPRegen 0.24/turn                (no ring)
MPRegen 0.08/turn                (no ring)

@: no status effects
A: foul stench 1
a: Renounce Religion


You were on level 2 of the Dungeon.
You worshipped Xom.
You were a toy of Xom.
You visited 1 branch of the dungeon, and saw 2 of its levels.

You collected 86 gold pieces.

Inventory:

Hand Weapons
 a - a +0 hand axe of chaos (weapon)
Armour
 b - a +2 leather armour (worn)
Scrolls
 d - a scroll of identify
 g - a scroll of enchant armour
Potions
 e - a potion of haste
 f - 3 potions of curing
 h - a potion of cancellation {unknown}
Miscellaneous
 c - a piece from Xom's chessboard (15/15) (quivered)


   Skills:
 + Level 3.3 Fighting
 + Level 3.0 Axes
 + Level 2.1 Armour
 + Level 1.3 Dodging
 + Level 1.0 Evocations


You had 2 spell levels left.
You didn't know any spells.
Your spell library contained the following spells:

 Spells                   Type           Power      Damage    Failure   Level
 Hailstorm                Conj/Ice       0%         3d3       75%         3
 Ice Form                 Ice/Tmut       0%         N/A       98%         4
 Simulacrum               Ice/Necr       0%         N/A       100%        6


Dungeon Overview and Level Annotations

Branches:
Dungeon (2/15)

Altars:


Innate Abilities, Weirdness & Mutations

You may rarely emit foul miasma when damaged in melee.


Message History

[Y]es or [N]o only, please.
Really fly into a travel-excluded area? [Y]es or [N]o only, please.
Really fly into a travel-excluded area?
Found 22 gold pieces.
Really fly into that cloud of flame? [Y]es or [N]o only, please.
Really fly into that cloud of flame? [Y]es or [N]o only, please.
Really fly into that cloud of flame? [Y]es or [N]o only, please.
Really fly into that cloud of flame?
Found 5 poisoned darts.
You are engulfed in blazing flames.
You are engulfed in blazing flames.
* * * LOW HITPOINT WARNING * * *
Found 5 stones.
You now have 42 gold pieces (gained 11).
Your transformation is almost over.
You now have 46 gold pieces (gained 4).
You now have 53 gold pieces (gained 7).
You now have 67 gold pieces (gained 14).
You now have 75 gold pieces (gained 8).
You now have 86 gold pieces (gained 11).
You feel less batty.
Your +0 hand axe of chaos unmelds from your body.
Your +2 leather armour unmelds from your body.
Your +0 hand axe of chaos is briefly surrounded by a scintillating aura of random colours.
You start resting.
You feel a little less agile now.
You start resting.
Your trail of clouds dissipates.
You start resting.
HP restored.
Really walk into a travel-excluded area?
You are engulfed in blazing flames.
Ouch! That really hurt!
You are engulfed in blazing flames.
Ouch! That really hurt!
You die...
Xom titters!

##.# #..## ##.## #...# ....#
#☼.°# ##..#### #### #§○§#
.......# #..# #☼○§# ##..##.#
#.######...######
#..##.#####.#.§§§.....§○☼.##
##..##.........☼○☼....(☼○○(.#
.#..########.#.§@§.....§§§..#
.#..# #.######...#####.#
....###### #.# #○§☼# #.#
.##......# #.# #☼○§# #)#
.#######.# #.# #○.°# #.# .#
#.# #.. #...# #.# l# #.# ###
.#.#### #.# .# #.# #.#....#
#.# .# #.# #.####.###.#


There were no monsters in sight!

Vanquished Creatures
  An adder (D:2)
  A dart slug (D:1)
  An endoplasm (D:2)
  3 goblins (D:1)
  6 hobgoblins
  3 ball pythons (D:1)
  2 bats
  2 frilled lizards (D:2)
  2 rats (D:2)
21 creatures vanquished.

Notes
Turn   | Place    | Note
-------+----------+-------------------------------------------
     0 | D:1      | qeuew the Demonspawn Chaos Knight began the quest for the
                  | Orb.
     0 | D:1      | Reached XP level 1. HP: 18/18 MP: 1/1
    73 | D:1      | Reached skill level 1 in Dodging
    87 | D:1      | XOM: silly message
   197 | D:1      | Gained mutation: You may rarely emit foul miasma when
                  | damaged in melee. [demonic ancestry]
   197 | D:1      | Reached XP level 2. HP: 21/24 MP: 2/2
   536 | D:1      | XOM: silly message
   679 | D:1      | XOM: divination: magic mapping
   694 | D:2      | Reached skill level 1 in Evocations
   796 | D:2      | Reached XP level 3. HP: 26/29 MP: 3/3
  1000 | D:2      | XOM: cloud trail
  1113 | D:2      | Engulfed by a cloud of flame

Illustrated notes

Levels and vault maps discovered:
D:1:      dpeg_arrival_short_road, layout_basic
D:2:      layout_loops_ring, lemuel_flame_loot_1

Skill      XL: |  1  2 |
---------------+-------+-----
Dodging        | 1 |  1.3
Armour         | 2 |  2.1
Evocations     | 1 |  1.0
Axes           | 3 |  3.0
Fighting       | |  3.3

Action                   || total
-------------------------++-------
Melee: Hand axe          ||    71
       Punch             ||     1
  Use: Scroll            ||     6
Armor: Leather armour    ||    26
Dodge: Dodged            ||    45

Table legend: (Time is in decaauts)
 A = Elapsed time spent in this place.
 B = Non-inter-level travel time spent in this place.
 C = Inter-level travel time spent in this place.
 D = Time resting spent in this place.
 E = Time spent auto-exploring this place.
 F = Levels seen in this place.
 G = Mean time per level.
                   A        B        C        D        E       F      G
               +--------+--------+--------+--------+--------+-----+--------+
         Total |   1116 |   1110 |      6 |     77 |    821 |   2 |  558.0 |
       Dungeon |   1116 |   1110 |      6 |     77 |    821 |   2 |  558.0 |
               +--------+--------+--------+--------+--------+-----+--------+

Top non-repeatable levels by time:
     D:1: 694 daAuts
     D:2: 421 daAuts
